 Dungeon Crawl Stone Soup version 0.13-b1-24-g18a6e78 (webtiles) character file.

231 Kae the Chiller (level 4, 0/24 HPs)
             Began as a Deep Elf Ice Elementalist on Oct 3, 2013.
             Slain by samael's ghost (11 damage)
             ... on Level 3 of the Dungeon.
             The game lasted 00:04:02 (2671 turns).

Kae the Chiller (Deep Elf Ice Elementalist)         Turns: 2671, Time: 00:04:02

HP   0/24        AC  2     Str  5      XL: 4   Next: 90%
MP   6/13        EV 13     Int 26      God:
Gold 101         SH  0     Dex 15      Spells:  2 memorised,  7 levels left

Res.Fire  : . . .   See Invis. : .   (no weapon)
Res.Cold  : . . .   Warding    : .   a - +0 elf robe
Life Prot.: . . .   Conserve   : .   (no shield)
Res.Poison: .       Res.Corr.  : .   (no helmet)
Res.Elec. : .       Clarity    : .   (no cloak)
Sust.Abil.: . .     Spirit.Shd : .   (no gloves)
Res.Mut.  : .       Stasis     : .   (no boots)
Res.Rott. : .       Flight     : .   (no amulet)
Saprovore : . . .                    (no ring)
                                     (no ring)

@: brilliant, slightly resistant to hostile enchantments, fairly stealthy
A: no striking features
a: no special abilities


You were on level 3 of the Dungeon.
You were not hungry.

You visited 1 branch of the dungeon, and saw 3 of its levels.

You collected 81 gold pieces.

Inventory:

Missiles
 j - 3 darts (quivered)
Armour
 a - a +0 elven robe (worn)
Magical devices
 r - a wand of slowing (11)
Comestibles
 c - 2 bread rations
 p - 10 strawberries
Scrolls
 d - 2 scrolls of fear {unknown}
 e - 2 scrolls of enchant weapon I {unknown}
 g - 2 scrolls of remove curse {unknown}
 h - 6 scrolls of identify {unknown}
 i - a scroll of enchant weapon II {unknown}
 l - a scroll of fog {unknown}
 n - a scroll of magic mapping {unknown}
 o - a scroll of amnesia {unknown}
 u - a scroll of curse jewellery {unknown}
 w - a scroll of random uselessness {unknown}
Jewellery
 q - an uncursed amulet of resist corrosion {unknown}
 v - an uncursed amulet of warding {unknown}
Potions
 f - a potion of resistance {unknown}
 m - 2 potions of heal wounds {unknown}
 s - a potion of degeneration {unknown}
 t - a potion of magic {unknown}
Books
 b - a book of Frost

   Spells                             Type                      Level
   *Freeze                            Ice                          1
   *Throw Frost                       Conjuration/Ice              2
   Ozocubu's Armour                   Charms/Ice                   3
   Throw Icicle                       Conjuration/Ice              4
   Summon Ice Beast                   Ice/Summoning                4
   Condensation Shield                Ice                          4


   Skills:
 - Level 2.4 Dodging
 - Level 2.4 Stealth
 + Level 3.5 Spellcasting
 * Level 2.7 Conjurations
 * Level 4.8 Ice Magic


You had 7 spell levels left.
You knew the following spells:

 Your Spells              Type           Power        Failure   Level  Hunger
a - Freeze                Ice            ####         1%          1    None
b - Throw Frost           Conj/Ice       #####.       1%          2    #......


Dungeon Overview and Level Annotations

Branches:
Dungeon (3/27)

Altars:
Cheibriados

Annotations:
D:3 samael's ghost, average GrGl


Message History

You freeze samael's ghost.
Samael's ghost is severely damaged.
Samael's ghost barely misses you. The hobgoblin closely misses you.
Casting: Freeze
Confirm with . or Enter, or press ? or * to list all spells.
Aiming: Freeze
Press: ? - help, Shift-Dir - straight line, f/p - samael's ghost
Aim: samael's ghost (severely damaged)
You freeze samael's ghost.
Samael's ghost is severely damaged.
The hobgoblin barely misses you. Samael's ghost hits you.
Casting: Freeze
Confirm with . or Enter, or press ? or * to list all spells.
Aiming: Freeze
Press: ? - help, Shift-Dir - straight line, f/p - samael's ghost
Aim: samael's ghost (severely damaged)
You freeze samael's ghost.
Samael's ghost is almost destroyed.
The hobgoblin hits you. Samael's ghost hits you!
You die...

#..)....###.##.#
#.#####.# .#. #.# #.#
... #.# #.# #g# #.#
#.# #.# ..# #.### #.#
### #...# #.# ###.#
#.######### #.#
#.g@p.....# ## #.#
#..######.#
.########.####..#
................#
.########.####........
.# #.# ######.. .# #.#
.# #.# .# #.#


You could see samael's ghost and a hobgoblin.

Vanquished Creatures
  6 adders
  A worm (D:3)
  3 giant geckos
  2 oozes (D:1)
  2 orcs
  A ball python (D:3)
  9 bats
  4 giant cockroaches
  8 goblins
  9 hobgoblins
  6 kobolds
  3 giant newts
  A quokka (D:2)
  A quokka skeleton (D:3)
  4 rats
60 creatures vanquished.

Notes
Turn   | Place    | Note
--------------------------------------------------------------
     0 | D:1      | Kae, the Deep Elf Ice Elementalist, began the quest for the Orb.
     0 | D:1      | Reached XP level 1. HP: 10/10 MP: 4/4
   393 | D:1      | Reached XP level 2. HP: 15/15 MP: 3/7
   713 | D:1      | Reached skill level 4 in Ice Magic
   732 | D:1      | Learned a level 2 spell: Throw Frost
  1274 | D:2      | Reached XP level 3. HP: 16/19 MP: 1/9
  1563 | D:2      | Found a snail-covered altar of Cheibriados.
  1803 | D:2      | Reached XP level 4. HP: 17/24 MP: 7/13
  2661 | D:3      | Noticed samael's ghost (average GrGl)
  2671 | D:3      | Slain by samael's ghost

Action                   |  1- 3 |  4- 6 || total
-------------------------+-------+-------++-------
Melee: Unarmed           |     8 |    11 ||    19
 Cast: Freeze            |    60 |    48 ||   108
       Throw Frost       |       |     1 ||     1
  Use: Potion            |       |     3 ||     3
